 Dungeon Crawl Stone Soup version 0.30-a0-121-gb27577e5d9 (webtiles) character file.

Game seed: 13404538691990088397

10985 MisterAzrael the Cleaver (level 11, -7/136 HPs)
             Began as a Hill Orc Fighter on Sept 14, 2022.
             Was the Champion of Jiyva.
             Mangled by a two-headed ogre
             ... wielding a +0 giant club of flaming
              (8 damage)
             ... in a volcano.
             The game lasted 00:11:30 (6577 turns).

MisterAzrael the Cleaver (Hill Orc Fighter)         Turns: 6577, Time: 00:11:31

Health: -7/136     AC: 10    Str: 28    XL:     11   Next: 70%
Magic:  11/11      EV:  9    Int:  7    God:    Jiyva [******]
Gold:   322        SH: 11    Dex: 17    Spells: 10/10 levels left

rFire   . . .      SeeInvis .    a - +1 war axe (elec)
rCold   . . .      Faith    .    C - +0 kite shield
rNeg    . . .      Spirit   .    F - +0 troll leather armour
rPois   +          Reflect  .    (no helmet)
rElec   +          Harm     .    t - +2 cloak {rPois}
rCorr   +          Rampage  .    k - +0 pair of gloves
Will    .....                    (no boots)
Stlth   ++........               (no amulet)
HPRegen 2.72/turn                j - +6 ring of dexterity
MPRegen 0.62/turn                (no ring)

@: mighty, studying Polearms
A: fangs 3, thin skeletal structure 1, robust 3, electricity resistance, strong
1, tendrils
a: Renounce Religion, Oozemancy, Slimify


You were in a volcano.
You worshipped Jiyva.
Jiyva was exalted by your worship.
You visited 2 branches of the dungeon, and saw 10 of its levels.
You also visited: Sewer and Volcano.

You collected 445 gold pieces.
You spent 123 gold pieces at shops.

Inventory:

Hand Weapons
 a - a +1 war axe of electrocution (weapon)
 l - a +0 hand axe of electrocution
 s - a +2 quarterstaff of chaos
Armour
 b - a +0 scale mail
 c - a +0 buckler
 f - a +0 chain mail
 k - a +0 pair of gloves (worn)
 t - a +2 cloak of poison resistance (worn)
 C - a +0 kite shield (worn)
 F - a +0 troll leather armour (worn)
Jewellery
 j - a +6 ring of dexterity (left hand)
Wands
 d - a wand of iceblast (17)
 r - a wand of flame (4)
 y - a wand of mindburst (25)
 A - a wand of charming (3)
Scrolls
 e - 3 scrolls of fog
 h - a scroll of torment {unknown}
 n - a scroll of magic mapping {unknown}
 p - 3 scrolls of teleportation
 q - 2 scrolls of fear {unknown}
 v - a scroll of noise {unknown}
 w - a scroll of vulnerability {unknown}
 D - a scroll of silence {unknown}
 E - 4 scrolls of amnesia
Potions
 i - 5 potions of curing
 m - 2 potions of lignification
 o - a potion of invisibility {unknown}
 u - a potion of attraction {unknown}
 x - a potion of heal wounds {unknown}
 B - a potion of haste {unknown}


   Skills:
 + Level 12.5 Fighting
 - Level 13.5(14.3) Axes
 * Level 6.3(9.7) Polearms
 + Level 8.8 Armour
 + Level 8.8 Shields


You had 10 spell levels left.
You didn't know any spells.
Your spell library contained the following spells:

 Spells                   Type           Power      Damage    Failure   Level
 Kindle Blastsparks       Fire/Tloc/Air  0%         2d10      98%         3
 Fulminant Prism          Conj/Hex       0%         3d6       100%        4
 Iskenderun's Mystic Bla  Conj/Tloc      0%         2d3       100%        4
 Lee's Rapid Deconstruct  Erth           0%         3d5*      100%        5


Dungeon Overview and Level Annotations

Branches:
Dungeon (9/15)             Temple (0/1) D:6            Lair (1/5) D:9
  Sewer (visited)         Volcano (1/1)
    Orc: D:9-12

Altars:
Gozag
Jiyva

Shops:
D:1 !   D:3 ?*!=   D:4 **


Innate Abilities, Weirdness & Mutations

You have razor-sharp teeth.
You have a somewhat thin skeletal structure. (Dex +2, Stealth+)
You are extremely robust. (+30% HP)
You are resistant to electric shocks. (rElec)
Your muscles are strong. (Str +4, Int/Dex -1)
You are covered in slimy tendrils that may disarm your opponents.


Message History

The ogre mage hits you with a +2 whip of flaming!
The ogre mage burns you.
Your tendrils lash around the ogre mage's +2 whip of flaming and pull it to the ground!
You barely miss the two-headed ogre.
The two-headed ogre is severely wounded.
You hit the two-headed ogre. You slash the ogre mage!
The two-headed ogre closely misses you.
Your tendrils lash around the two-headed ogre's +0 great mace of flaming and pull it to the ground!
The two-headed ogre completely misses you.
The two-headed ogre hits you with a +0 giant club of flaming!
The two-headed ogre burns you. The two-headed ogre closely misses you.
Your tendrils lash around the two-headed ogre's +0 giant club of flaming and pull it to the ground!
You slice the two-headed ogre!!
You kill the two-headed ogre!
You slash the two-headed ogre! You slash the ogre mage!
The ogre mage gestures at you while chanting.
You suddenly lose the ability to move!
The two-headed ogre wields a +0 giant club of flaming.
It bursts into flame!
The two-headed ogre hits you with a +0 giant club of flaming!
The two-headed ogre burns you.
The two-headed ogre hits you with a +0 giant club of flaming!!
The two-headed ogre burns you!
Your base Polearms skill increases to level 6!
The molten gargoyle hits you with a +0 mace.
You are engulfed in flames!
The ogre mage casts a spell at you. The bolt of magma hits you!!
* * * LOW HITPOINT WARNING * * *
You can move again.
You slash the molten gargoyle!
The molten gargoyle is moderately damaged.
You hit the two-headed ogre. You hit the ogre mage but do no damage.
Lightning courses through the ogre mage!
You block the molten gargoyle's attack. The ogre mage hits you.
* * * LOW HITPOINT WARNING * * *
The two-headed ogre hits you with a +0 giant club of flaming!
* * * LOW HITPOINT WARNING * * *
The two-headed ogre burns you!
You die...

§ ##...## § §≈≈§§§..
#..8..# # ≈≈§≈≈≈≈≈≈..
#.....##.# ≈≈≈≈≈≈≈≈..
#.....8)$# ≈S≈≈≈≈.§.
#.)⌠..#!$# §§≈≈≈≈..##
##...##[$# ≈§§≈≈§...##
##'####+##
≈≈§§§....8###...#O...##
≈§§≈≈§......'.∩.@9._..#
§≈§≈.....8###...#O...##
..≈....#### ##+####+##
....#### ##.## ###


You could see a two-headed ogre, an ogre mage and a molten gargoyle.

Vanquished Creatures
  3 two-headed ogres
  Pikel (D:9)
  3 cane toads (Lair:1)
  A kobold demonologist (D:9)
  A troll (D:8)
  A shadow (D:9)
  A basilisk (Lair:1)
  4 wyverns
  3 yaks (D:9)
  4 fire bats (Volcano)
  An acid dragon (D:9)
  5 water moccasins
  2 orc warriors
  2 sky beasts
  An ice beast (D:5)
  6 wolves (Lair:1)
  An ogre (D:7)
  A centaur (D:9)
  2 lemures (D:9)
  12 kobold brigands
  A water moccasin zombie (D:4)
  6 bullfrogs
  3 scorpions
  8 wights
  6 killer bees (D:8)
  A howler monkey (D:7)
  4 lava snakes (Volcano)
  A bullfrog zombie (D:4)
  2 orc priests (D:6)
  Crazy Yiuf (D:4)
  A gnoll bouda (D:8)
  4 hounds
  Ijyb (D:1)
  14 orc wizards
  2 iguanas (D:7)
  A hound zombie (D:4)
  Robin (D:2)
  12 gnolls
  3 adders
  2 river rats (Sewer)
  A white imp (D:6)
  3 adder zombies (D:4)
  An adder skeleton (D:4)
  3 worms
  2 dart slugs
  25 orcs
  An endoplasm (D:1)
  5 giant cockroaches (D:4)
  17 goblins
  6 hobgoblins
  2 jackals (D:3)
  2 quokkas
  6 ball pythons
  6 bats
  4 frilled lizards
  9 kobolds
  9 rats
231 creatures vanquished.

Vanquished Creatures (collateral kills)
  A two-headed ogre (D:8)
1 creature vanquished.

Vanquished Creatures (others)
  A water moccasin (Lair:1)
  A kobold brigand (D:9)
  A bullfrog (D:7)
  19 jellies
  2 orc priests (D:8)
  2 scorpion zombies (D:4)
  2 orc wizards
  An iguana (D:4)
  A howler monkey zombie (D:4)
  2 gnolls
  An adder (D:2)
  A white imp (D:8)
  An ufetubus (D:6)
  An adder zombie (D:4)
  3 bats
  An endoplasm (Sewer)
  6 goblins (D:4)
  3 hobgoblins (D:4)
  A kobold (D:2)
  A quokka (D:2)
  A ball python (D:2)
  A demonic plant (D:1)
  37 fungi
  53 plants
  9 withered plants (D:4)
152 creatures vanquished.

Grand Total: 384 creatures vanquished

Notes
Turn   | Place    | Note
-------+----------+-------------------------------------------
     0 | D:1      | MisterAzrael the Hill Orc Fighter began the quest for the
                  | Orb.
     0 | D:1      | Reached XP level 1. HP: 19/19 MP: 1/1
    59 | D:1      | Reached skill level 3 in Axes
   167 | D:1      | Reached XP level 2. HP: 26/26 MP: 2/2
   208 | D:1      | Reached skill level 4 in Axes
   393 | D:1      | Found a faded altar of an unknown god.
   393 | D:1      | Noticed an ice devil
   454 | D:1      | Prayed at the altar of an unknown god.
   454 | D:1      | Became a worshipper of Jiyva Jucruyle the Shapeless
   454 | D:1      | Reached * piety under Jiyva
   482 | D:1      | Found Qorifuq's Distillery.
   641 | D:1      | Reached XP level 3. HP: 31/31 MP: 3/3
   913 | D:2      | Noticed Robin
   926 | D:2      | Reached skill level 5 in Axes
   932 | D:2      | Killed Robin
   933 | D:2      | Reached XP level 4. HP: 35/39 MP: 4/4
  1005 | D:2      | Noticed Ijyb
  1015 | D:2      | Gained mutation: You have a somewhat thin skeletal
                  | structure. (Dex +2, Stealth+) [potion of mutation]
  1015 | D:2      | Gained mutation: You passively dampen the noise of your
                  | surroundings. [potion of mutation]
  1015 | D:2      | Gained mutation: You are partially covered in iridescent
                  | scales. (AC +2) [potion of mutation]
  1074 | D:1      | Killed Ijyb
  1075 | D:1      | Reached skill level 6 in Axes
  1440 | D:2      | Reached ** piety under Jiyva
  1705 | D:3      | Reached XP level 5. HP: 45/45 MP: 5/5
  1759 | D:3      | Found Eshroxem's Distillery.
  1770 | D:3      | Found Hamuifid's Jewellery Shop.
  1877 | D:3      | Found Vyafojug's Assorted Antiques.
  1924 | D:3      | Found Udeybrokla's Magic Scroll Shop.
  1930 | D:3      | Bought a scroll of brand weapon for 123 gold pieces
  2030 | D:4      | Reached *** piety under Jiyva
  2055 | D:4      | Reached skill level 7 in Axes
  2103 | D:4      | Found a glowing drain.
  2139 | Sewer    | Entered a sewer
  2139 | Sewer    | Gained mutation: Your muscles are strong. (Str +4, Int/Dex
                  | -1) [Jiyva's grace]
  2139 | Sewer    | Gained mutation: Your muscles are very strong. (Str +8,
                  | Int/Dex -2) [Jiyva's grace]
  2139 | Sewer    | Gained mutation: You are robust. (+10% HP) [Jiyva's grace]
  2139 | Sewer    | Gained mutation: You are very robust. (+20% HP) [Jiyva's
                  | grace]
  2193 | Sewer    | Noticed a kobold brigand
  2202 | Sewer    | Killed a kobold brigand
  2203 | Sewer    | Reached skill level 8 in Axes
  2203 | Sewer    | Reached XP level 6. HP: 61/61 MP: 6/6
  2336 | Sewer    | Reached skill level 9 in Axes
  2380 | D:4      | Found Kicisi's Specific Store.
  2382 | D:4      | Found Acwajin's General Store.
  2465 | D:4      | Reached XP level 7. HP: 67/68 MP: 7/7
  2511 | D:4      | Reached skill level 10 in Axes
  2629 | D:4      | Reached **** piety under Jiyva
  2757 | D:4      | Found a runed translucent door.
  2758 | D:4      | Noticed Crazy Yiuf
  2803 | D:4      | Killed Crazy Yiuf
  2851 | D:5      | Entered Level 5 of the Dungeon
  3517 | D:6      | Found an opulent altar of Gozag.
  3525 | D:6      | Reached XP level 8. HP: 80/80 MP: 8/8
  3534 | D:6      | Reached skill level 5 in Fighting
  3537 | D:6      | Found an opulent altar of Gozag.
  3537 | D:6      | Found an opulent altar of Gozag.
  3587 | D:6      | Found an opulent altar of Gozag.
  3651 | D:6      | Reached skill level 11 in Axes
  3786 | D:6      | Found a staircase to the Ecumenical Temple.
  3900 | D:6      | Reached ***** piety under Jiyva
  4099 | D:6      | Lost mutation: You are partially covered in iridescent
                  | scales. (AC +2) [Jiyva's grace]
  4099 | D:6      | Lost mutation: You are very robust. (+20% HP) [Jiyva's
                  | grace]
  4099 | D:6      | Lost mutation: You passively dampen the noise of your
                  | surroundings. [Jiyva's grace]
  4099 | D:6      | Gained mutation: You are resistant to electric shocks.
                  | (rElec) [Jiyva's grace]
  4099 | D:6      | Gained mutation: You have very sharp teeth. [Jiyva's grace]
  4099 | D:6      | Gained mutation: You have extremely sharp teeth. [Jiyva's
                  | grace]
  4099 | D:6      | Gained mutation: You have razor-sharp teeth. [Jiyva's
                  | grace]
  5033 | D:7      | Reached skill level 5 in Armour
  5033 | D:7      | Reached skill level 5 in Shields
  5033 | D:7      | Reached XP level 9. HP: 69/86 MP: 9/9
  5436 | D:8      | Noticed a troll
  5451 | D:8      | Killed a troll
  5541 | D:8      | Noticed a two-headed ogre
  5547 | D:8      | Killed a two-headed ogre
  5548 | D:8      | Reached skill level 12 in Axes
  5833 | D:8      | Reached XP level 10. HP: 100/100 MP: 10/10
  5856 | D:9      | Reached ****** piety under Jiyva
  6013 | D:9      | Reached skill level 10 in Fighting
  6034 | D:9      | Noticed a two-headed ogre
  6040 | D:9      | Killed a two-headed ogre
  6049 | D:9      | Reached skill level 13 in Axes
  6051 | D:9      | Noticed Pikel
  6063 | D:9      | Killed Pikel
  6064 | D:9      | Reached XP level 11. HP: 68/112 MP: 11/11
  6118 | D:9      | Found a staircase to the Lair.
  6133 | Lair:1   | Entered Level 1 of the Lair of Beasts
  6137 | Lair:1   | Lost mutation: You are robust. (+10% HP) [Jiyva's grace]
  6137 | Lair:1   | Lost mutation: Your muscles are very strong. (Str +8,
                  | Int/Dex -2) [Jiyva's grace]
  6137 | Lair:1   | Gained mutation: You are robust. (+10% HP) [Jiyva's grace]
  6137 | Lair:1   | Gained mutation: You are very robust. (+20% HP) [Jiyva's
                  | grace]
  6137 | Lair:1   | Gained mutation: You are extremely robust. (+30% HP)
                  | [Jiyva's grace]
  6137 | Lair:1   | Gained mutation: You are covered in slimy tendrils that may
                  | disarm your opponents. [Jiyva's grace]
  6197 | Lair:1   | Identified a scroll of acquirement
  6198 | Lair:1   | Acquired a manual of Polearms
  6312 | Lair:1   | Reached skill level 1 in Polearms
  6395 | Lair:1   | Found a dark tunnel.
  6426 | Volcano  | Entered a volcano
  6540 | Volcano  | Noticed a two-headed ogre
  6542 | Volcano  | Noticed a two-headed ogre
  6548 | Volcano  | Killed a two-headed ogre
  6549 | Volcano  | Reached skill level 5 in Polearms
  6570 | Volcano  | Found a burning altar of Makhleb.
  6570 | Volcano  | Noticed a two-headed ogre
  6570 | Volcano  | Noticed an ogre mage
  6570 | Volcano  | Noticed a two-headed ogre
  6575 | Volcano  | Killed a two-headed ogre
  6575 | Volcano  | Paralysed by an ogre mage for 2 turns
  6577 | Volcano  | HP: 1/136 [two-headed ogre/+0 giant club of flaming (16)]
  6577 | Volcano  | Mangled by a two-headed ogre

Illustrated notes

Levels and vault maps discovered:
D:1:      kennysheep_arrival_seaside, layout_loops_ring,
          dreamdust_ecumenical_altar_sealed_demon, serial_shops,
          nicolae_shop_trees
D:2:      kennysheep_the_goblin_king, layout_rooms, minmay_tree_intersection,
          uniq_robin
D:3:      layout_basic, serial_shops, nicolae_shop_stone, shop, shop,
          nicolae_shop_behind_doors, minmay_statues_item
D:4:      cheibrodos_greedy_goblins, layout_basic, portal_sewer_entry_f,
          serial_undead, serial_undead_d, serial_undead_c, serial_undead_f,
          serial_undead_f, serial_undead_a, serial_undead_c,
          nicolae_specific_store, nicolae_grassy_gnolls, uniq_crazy_yiuf_cottage
D:5:      layout_loops_ring
D:6:      layout_basic, nicolae_gozag_conspicuous_consumption, temple_green
D:7:      layout_loops_corners, minmay_chambers_of_fives
D:8:      layout_basic, grunt_ministairs_11
D:9:      minmay_flawed_box, layout_loops_corners, minitemple, kennysheep_mini,
          pf_just_have_faith, due_lair_maze_entry_diamond, special_room
          [special_room_kobold], nicolae_figureground_sparkle, uniq_pikel
Lair:1:   layout_chaotic_city, nicolae_volcano_entry_hallway, grunt_megastairs_5
Volcano:  volcano_grotto [vgs_many_chambers]

Skill      XL: |  1  2  3  4  5  6  7  8  9 10 11 |
---------------+----------------------------------+-----
Axes           | 3 4 5 6 8 9 10 11 12 13 | 13.5
Fighting       | 4 7 9 11 12 | 12.5
Armour         | 5 6 7 8 |  8.8
Shields        | 5 6 7 8 |  8.8
Polearms       | 6 |  6.3

Action                   |  1- 3 |  4- 6 |  7- 9 | 10-12 || total
-------------------------+-------+-------+-------+-------++-------
Melee: War axe           |    65 |   118 |   212 |   169 ||   564
       Hand axe          |       |    12 |       |       ||    12
       Bite              |       |       |     9 |    18 ||    27
  Use: Potion            |     1 |     3 |     1 |     1 ||     6
       Scroll            |       |     4 |       |     6 ||    10
 Stab: Sleeping          |       |       |     1 |     2 ||     3
Armor: Scale mail        |    32 |    46 |       |       ||    78
       Chain mail        |       |    45 |    97 |       ||   142
       Troll leather arm |       |       |     2 |    84 ||    86
Dodge: Dodged            |    28 |    66 |    72 |    80 ||   246
Block: Buckler           |    19 |    39 |    16 |       ||    74
       Kite shield       |       |       |    53 |   121 ||   174

Table legend: (Time is in decaauts)
 A = Elapsed time spent in this place.
 B = Non-inter-level travel time spent in this place.
 C = Inter-level travel time spent in this place.
 D = Time resting spent in this place.
 E = Time spent auto-exploring this place.
 F = Levels seen in this place.
 G = Mean time per level.
                   A        B        C        D        E       F      G
               +--------+--------+--------+--------+--------+-----+--------+
         Total |   6701 |   6381 |    320 |    165 |   4653 |  12 |  558.4 |
       Dungeon |   5966 |   5646 |    320 |    165 |   4249 |   9 |  662.9 |
          Lair |    291 |    291 |      0 |      0 |    181 |   1 |  291.0 |
         Sewer |    295 |    295 |      0 |      0 |    202 |   1 |  295.0 |
       Volcano |    148 |    148 |      0 |      0 |     21 |   1 |  148.0 |
               +--------+--------+--------+--------+--------+-----+--------+

Top non-repeatable levels by time:
     D:1: 1075 daAuts
     D:6: 934 daAuts
     D:7: 813 daAuts
     D:5: 629 daAuts
     D:8: 625 daAuts
     D:4: 621 daAuts
     D:2: 605 daAuts
     D:3: 369 daAuts
   Sewer: 295 daAuts
  Lair:1: 291 daAuts
     D:9: 291 daAuts
 Volcano: 148 daAuts
